St.Louis Blues vs New York Rangers
Created - Saturday, September 7, 2024 at 09:32
Goals
|
| St.Louis Blues |
1 |
0 |
2 |
0 |
0 |
3 |
| New York Rangers |
1 |
1 |
1 |
0 |
1 |
4 |
|
Shots
|
| St.Louis Blues |
6 |
14 |
13 |
0 |
3 |
33 |
| New York Rangers |
11 |
10 |
7 |
5 |
2 |
33 |
|
1st period
1. New York Rangers , Nathan MacKinnon 10 (Mathew Barzal 6, Conor Garland 6) at 6:08 (PP)
2. St.Louis Blues , Alex Tuch 5 (Jake Sanderson 5) at 11:42
Penalties :
Pierre-Luc Dubois (NYR) for High sticking (Minor) at 2:32, Adam Pelech (STL) for Cross-checking (Minor) at 5:55, Jake McCabe (NYR) for Hooking (Minor) at 13:48
2nd period
3. New York Rangers , Nathan MacKinnon 11 (Artemi Panarin 7) at 2:12 (PP)
Penalties :
Tage Thompson (STL) for High sticking (Minor) at 1:09, Artemi Panarin (NYR) for High sticking (Minor) at 3:08, Nathan MacKinnon (NYR) for Holding Stick (Minor) at 9:18, Matthew Benning (NYR) for High sticking (Minor) at 16:33
3rd period
4. St.Louis Blues , Mark Stone 7 (Jaccob Slavin 3, Elias Pettersson 10) at 1:31
5. New York Rangers , Nathan MacKinnon 12 (Artemi Panarin 8) at 4:22
6. St.Louis Blues , Robert Thomas 8 (Elias Pettersson 11) at 4:54
Penalties :
Nick Leddy (STL) for Goalie Interference (Minor) at 12:45
Overtime #1
No Goal
Penalties :
No Penalty
Shootout
St.Louis Blues, Elias Pettersson - Stopped by Igor Shesterkin
New York Rangers, Artemi Panarin - Stopped by Scott Wedgewood
St.Louis Blues, Tage Thompson - Stopped by Igor Shesterkin
New York Rangers, Cole Caufield - Goal!
St.Louis Blues, Alex Tuch - Stopped by Igor Shesterkin
Penalties :
No Penalty
Goalie Stats
Scott Wedgewood (STL), 30 saves from 33 shots - (0.909), OTL, 1-2-2, 65:00 minutes
Igor Shesterkin (NYR), 30 saves from 33 shots - (0.909), W, 9-4-1, 65:00 minutes
Players Stats for St.Louis Blues
Player Name G A P +/- PIM S H SB GA TA FO MP PP MP PK MP
------------------------------------------------------------------------------------
Adam Pelech 0 0 0 -1 2 0 1 2 1 2 0/0 11:56 0:00 0:00
Alex Tuch 1 0 1 1 0 5 1 0 1 0 0/0 16:21 4:03 0:00
Colin Blackwell 0 0 0 0 0 1 1 0 0 0 0/0 6:10 0:00 0:00
Colton Parayko 0 0 0 1 0 1 1 1 0 0 0/0 27:49 4:02 1:38
Dakota Joshua 0 0 0 1 0 0 2 0 0 0 0/0 11:09 0:02 0:00
Elias Lindholm 0 0 0 -1 0 2 1 0 1 0 6/13 20:36 4:33 1:55
Elias Pettersson 0 2 2 2 0 5 0 0 0 1 0/0 23:39 5:20 0:00
Jaccob Slavin 0 1 1 2 0 1 1 0 0 0 0/0 19:10 0:00 1:54
Jake Guentzel 0 0 0 -1 0 2 3 1 0 0 0/1 19:33 5:21 0:00
Jake Sanderson 0 1 1 2 0 3 2 1 0 1 0/0 25:53 5:53 1:58
Lars Eller 0 0 0 1 0 2 1 0 0 0 3/4 14:26 0:00 1:14
Logan O'Connor 0 0 0 0 0 0 0 0 1 0 0/0 10:06 0:01 1:20
Mark Stone 1 0 1 2 0 5 1 0 1 0 0/2 20:07 4:33 0:00
Mikhail Sergachev 0 0 0 -1 0 0 1 0 0 0 0/0 12:34 0:00 0:25
Nick Leddy 0 0 0 1 2 1 0 1 0 1 0/0 21:43 0:00 0:35
Robert Thomas 1 0 1 2 0 3 1 0 0 0 18/35 23:25 5:21 0:06
Tage Thompson 0 0 0 -1 2 1 1 0 0 0 1/2 17:57 4:33 0:00
Yanni Gourde 0 0 0 0 0 1 2 0 0 1 0/0 14:08 5:53 1:55
Players Stats for New York Rangers
Player Name G A P +/- PIM S H SB GA TA FO MP PP MP PK MP
------------------------------------------------------------------------------------
Adam Larsson 0 0 0 -1 0 1 3 4 0 1 0/0 24:21 0:00 5:01
Artemi Panarin 0 2 2 0 2 1 0 0 0 0 0/0 17:44 2:07 0:00
Brendan Smith 0 0 0 -1 0 1 2 4 0 1 0/0 22:39 0:00 4:57
Cam Fowler 0 0 0 -1 0 3 0 1 0 1 0/0 28:53 1:53 5:01
Cole Caufield 0 0 0 -1 0 4 2 1 0 0 0/0 15:56 0:59 0:01
Conor Garland 0 1 1 -1 0 1 1 1 0 0 0/0 10:32 2:02 0:00
David Kampf 0 0 0 0 0 0 1 0 0 0 6/9 11:56 0:00 4:33
Dmitry Kulikov 0 0 0 0 0 1 2 0 0 1 0/0 13:13 0:47 0:45
Jake McCabe 0 0 0 -1 2 2 0 1 0 0 0/0 21:40 1:09 0:00
Joe Pavelski 0 0 0 0 0 0 2 0 1 1 1/1 16:49 1:08 0:00
Marcus Foligno 0 0 0 0 0 2 3 1 1 0 0/0 13:56 0:00 4:55
Mathew Barzal 0 1 1 -1 0 4 2 1 0 0 1/2 17:02 1:32 0:19
Matthew Benning 0 0 0 0 2 0 2 0 0 0 0/0 18:32 0:00 4:09
Mikael Granlund 0 0 0 -1 0 1 1 2 0 0 9/19 23:35 1:09 5:03
Nathan MacKinnon 3 0 3 0 2 9 0 0 1 0 9/20 17:43 2:07 0:00
Nikolaj Ehlers 0 0 0 -1 0 1 1 0 1 0 0/0 11:08 1:08 0:00
Pierre-Luc Dubois 0 0 0 0 2 1 0 0 2 0 0/0 10:54 0:00 0:25
Teuvo Teravainen 0 0 0 -1 0 1 3 4 0 0 3/6 13:27 0:14 4:31
3 Stars
1 - Nathan MacKinnon (NYR)
2 - Robert Thomas (STL)
3 - Mark Stone (STL)
Power Play
St.Louis Blues - 0 on 5 Attempt(s) - 0.00%
New York Rangers - 2 on 3 Attempt(s) - 66.67%
Penalty Kill
St.Louis Blues - 1 on 3 Attempt(s) - 33.33%
- Score 0 goal in Penalty Kill
New York Rangers - 5 on 5 Attempt(s) - 100.00%
- Score 0 goal in Penalty Kill
Team Stat
St.Louis Blues - Hits : 20 - Faceoff Wins : 28 - Blocked Shots : 6 - Penalty Minutes : 6
New York Rangers - Hits : 25 - Faceoff Wins : 29 - Blocked Shots : 20 - Penalty Minutes : 10
Official
Referees : Jon Mcisaac and Francis Charron
Linesman : Julien Fournier and Dan Kelly
Game Notes
Nathan MacKinnon has scored a Hat Trick!
Finance
Level 1 -- Attendance: 4619 (76.98%) -- Ticket Income $471,138
Level 2 -- Attendance: 3828 (76.56%) -- Ticket Income $241,164
Level 3 -- Attendance: 2010 (67.00%) -- Ticket Income $82,410
Level 4 -- Attendance: 3553 (71.06%) -- Ticket Income $99,484
Luxury Box -- Attendance: 904 (90.40%) -- Ticket Income $176,280
Game was played at the Madison Square Garden.
Total Attendance: 14914 (74.57%)
Total Ticket Income: $1,070,476
Other Income: $374,667
Total Income: $1,445,143
St.Louis Blues
5 vs 5 Forward
Center Left Wing Right Wing Time % Phy DF OF
1 Robert Thomas Elias Pettersson Mark Stone 40 0 2 3
2 Elias Lindholm Jake Guentzel Tage Thompson 30 0 2 3
3 Lars Eller Dakota Joshua Alex Tuch 20 1 2 2
4 Yanni Gourde Logan O'Connor Colin Blackwell 10 1 3 1
5 vs 5 Defense
Defense Defense Time % Phy DF OF
1 Colton Parayko Nick Leddy 45 1 2 2
2 Jake Sanderson Jaccob Slavin 35 1 2 2
3 Mikhail Sergachev Adam Pelech 20 1 2 2
4 Nick Leddy Colton Parayko 0 1 2 2
PowerPlay Forward
Center Left Wing Right Wing Time % Phy DF OF
1 Robert Thomas Elias Pettersson Jake Guentzel 60 1 0 4
2 Elias Lindholm Tage Thompson Mark Stone 40 1 0 4
PowerPlay Defense
Defense Defense Time % Phy DF OF
1 Yanni Gourde Jake Sanderson 60 0 1 4
2 Alex Tuch Colton Parayko 40 0 1 4
Penalty Kill 4 Players Forward
Center Wing Time % Phy DF OF
1 Lars Eller Logan O'Connor 50 1 4 0
2 Elias Lindholm Yanni Gourde 50 1 4 0
Penalty Kill 4 Players Defense
Defense Defense Time % Phy DF OF
1 Jake Sanderson Colton Parayko 50 1 4 0
2 Jaccob Slavin Nick Leddy 50 1 4 0
Penalty Kill - 3 Players Forward
Forward Time % Phy DF OF
1 Elias Lindholm 50 0 5 0
2 Lars Eller 50 0 5 0
Penalty Kill - 3 Players Defense
Defense Defense Time % Phy DF OF
1 Jake Sanderson Colton Parayko 50 0 5 0
2 Nick Leddy Jaccob Slavin 50 0 5 0
4 vs 4 Forward
Center Wing Time % Phy DF OF
1 Elias Lindholm Elias Pettersson 50 0 2 3
2 Robert Thomas Jake Guentzel 50 0 2 3
4 vs 4 Defense
Defense Defense Time % Phy DF OF
1 Jake Sanderson Colton Parayko 50 1 2 2
2 Nick Leddy Jaccob Slavin 50 1 2 2
Last Minutes Offensive
Center Left Wing Right Wing Defense Defense
Robert Thomas Elias Pettersson Jake Guentzel Tage Thompson Jake Sanderson
Last Minutes Defensive
Center Left Wing Right Wing Defense Defense
Lars Eller Logan O'Connor Elias Lindholm Nick Leddy Colton Parayko
Goaltenders
Starting : Scott Wedgewood
Backup : Connor Hellebuyck
Extra Forwards
Normal : Robert Thomas, Jake Guentzel, Tage Thompson - PP : Mark Stone, Dakota Joshua - PK : Robert Thomas
Extra Defensemen
Normal : Jake Sanderson, Jaccob Slavin, Mikhail Sergachev - PP : Mikhail Sergachev - PK : Jaccob Slavin, Colton Parayko
Penalty Shots
Elias Pettersson, Tage Thompson, Alex Tuch, Yanni Gourde, Jake Guentzel
Scratches
Jack Eichel (Healthy), Nico Sturm (Healthy), Alex Pietrangelo (Healthy)
New York Rangers
5 vs 5 Forward
Center Left Wing Right Wing Time % Phy DF OF
1 Nathan MacKinnon Artemi Panarin Joe Pavelski 35 0 2 3
2 Mikael Granlund Cole Caufield Mathew Barzal 32 0 2 3
3 Teuvo Teravainen Nikolaj Ehlers Conor Garland 21 1 2 2
4 David Kampf Pierre-Luc Dubois Marcus Foligno 12 1 3 1
5 vs 5 Defense
Defense Defense Time % Phy DF OF
1 Cam Fowler Jake McCabe 40 1 2 2
2 Adam Larsson Brendan Smith 35 1 3 1
3 Dmitry Kulikov Matthew Benning 25 1 3 1
4 Cam Fowler Jake McCabe 0 1 2 2
PowerPlay Forward
Center Left Wing Right Wing Time % Phy DF OF
1 Nathan MacKinnon Artemi Panarin Conor Garland 60 0 1 4
2 Joe Pavelski Cole Caufield Nikolaj Ehlers 40 0 1 4
PowerPlay Defense
Defense Defense Time % Phy DF OF
1 Mathew Barzal Cam Fowler 60 0 1 4
2 Jake McCabe Mikael Granlund 40 0 2 3
Penalty Kill 4 Players Forward
Center Wing Time % Phy DF OF
1 Mikael Granlund Marcus Foligno 50 1 3 1
2 David Kampf Teuvo Teravainen 50 1 3 1
Penalty Kill 4 Players Defense
Defense Defense Time % Phy DF OF
1 Matthew Benning Brendan Smith 50 1 3 1
2 Adam Larsson Cam Fowler 50 1 3 1
Penalty Kill - 3 Players Forward
Forward Time % Phy DF OF
1 Mikael Granlund 50 1 4 0
2 David Kampf 50 1 4 0
Penalty Kill - 3 Players Defense
Defense Defense Time % Phy DF OF
1 Brendan Smith Matthew Benning 50 1 4 0
2 Adam Larsson Cam Fowler 50 1 4 0
4 vs 4 Forward
Center Wing Time % Phy DF OF
1 Nathan MacKinnon Artemi Panarin 50 0 2 3
2 Mikael Granlund Joe Pavelski 50 1 2 2
4 vs 4 Defense
Defense Defense Time % Phy DF OF
1 Cam Fowler Jake McCabe 50 1 2 2
2 Adam Larsson Brendan Smith 50 1 2 2
Last Minutes Offensive
Center Left Wing Right Wing Defense Defense
Nathan MacKinnon Artemi Panarin Cole Caufield Cam Fowler Jake McCabe
Last Minutes Defensive
Center Left Wing Right Wing Defense Defense
David Kampf Marcus Foligno Mikael Granlund Matthew Benning Brendan Smith
Goaltenders
Starting : Igor Shesterkin
Backup : Tristan Jarry
Extra Forwards
Normal : Nathan MacKinnon, Artemi Panarin, Cole Caufield - PP : Teuvo Teravainen, Pierre-Luc Dubois - PK : Marcus Foligno
Extra Defensemen
Normal : Cam Fowler, Brendan Smith, Matthew Benning - PP : Dmitry Kulikov - PK : Adam Larsson, Cam Fowler
Penalty Shots
Artemi Panarin, Cole Caufield, Pierre-Luc Dubois, David Kampf, Nathan MacKinnon
Scratches
None
% Time on Ice - St.Louis Blues
Lines # - Real PCT - Wanted PCT - Time Play
Normal Forward
1 - 34% - 40% - 16:00
2 - 30% - 30% - 14:07
3 - 23% - 20% - 10:56
4 - 12% - 10% - 5:47
Normal Defense
1 - 42% - 45% - 19:42
2 - 34% - 35% - 15:57
3 - 24% - 20% - 11:11
4 - 0% - 0% - 0:00
PP Forward
1 - 54% - 60% - 5:22
2 - 46% - 40% - 4:33
PP Defense
1 - 59% - 60% - 5:53
2 - 41% - 40% - 4:02
PK Forward
1 - 41% - 50% - 1:20
2 - 59% - 50% - 1:55
PK Defense
1 - 37% - 50% - 1:12
2 - 63% - 50% - 2:03
PK3 Forward
1 - 0% - 50%
2 - 0% - 50%
PK3 Defense
1 - 0% - 50%
2 - 0% - 50%
44 Forward
1 - 51% - 50% - 2:33
2 - 49% - 50% - 2:27
44 Defense
1 - 47% - 50% - 2:22
2 - 53% - 50% - 2:38
Last Minute Offensive - 0:00
Last Minute Defensive - 0:00
Total
Forward - 65:00
Defense - 65:00
|
% Time on Ice - New York Rangers
Lines # - Real PCT - Wanted PCT - Time Play
Normal Forward
1 - 32% - 35% - 14:56
2 - 36% - 32% - 16:52
3 - 18% - 21% - 8:30
4 - 14% - 12% - 6:32
Normal Defense
1 - 40% - 40% - 18:44
2 - 35% - 35% - 16:27
3 - 25% - 25% - 11:39
4 - 0% - 0% - 0:00
PP Forward
1 - 65% - 60% - 2:07
2 - 35% - 40% - 1:08
PP Defense
1 - 65% - 60% - 2:06
2 - 35% - 40% - 1:09
PK Forward
1 - 51% - 50% - 5:06
2 - 49% - 50% - 4:49
PK Defense
1 - 51% - 50% - 5:06
2 - 49% - 50% - 4:49
PK3 Forward
1 - 0% - 50%
2 - 0% - 50%
PK3 Defense
1 - 0% - 50%
2 - 0% - 50%
44 Forward
1 - 48% - 50% - 2:23
2 - 52% - 50% - 2:37
44 Defense
1 - 60% - 50% - 3:01
2 - 40% - 50% - 1:59
Last Minute Offensive - 0:00
Last Minute Defensive - 0:00
Total
Forward - 65:00
Defense - 65:00
|
Play-by-Play
1st period
0:01 of 1st period - Nathan MacKinnon wins face-off versus Robert Thomas in neutral zone.
0:26 of 1st period - Jake McCabe is hit by Jake Guentzel and loses puck.
0:31 of 1st period - Backhand shot by Jake Guentzel.
0:31 of 1st period - Shot Misses the Net.
0:35 of 1st period - Wrist shot by Jake Guentzel.
0:35 of 1st period - Stopped by Igor Shesterkin without a rebound.
0:36 of 1st period - Lars Eller wins face-off versus Teuvo Teravainen in New York Rangers zone.
1:11 of 1st period - Wrist shot by Marcus Foligno.
1:11 of 1st period - Shot Misses the Net.
1:29 of 1st period - Snap shot by Cole Caufield.
1:29 of 1st period - Stopped by Scott Wedgewood with a rebound.
1:55 of 1st period - Wrist shot by Artemi Panarin.
1:55 of 1st period - Shot Blocked by Jake Guentzel.
2:32 of 1st period - Minor Penalty to Pierre-Luc Dubois for High sticking.
2:33 of 1st period - Robert Thomas wins face-off versus Mikael Granlund in New York Rangers zone.
3:24 of 1st period - Colton Parayko is hit by Teuvo Teravainen and loses puck.
3:55 of 1st period - Matthew Benning is hit by Yanni Gourde and loses puck.
4:32 of 1st period - Penalty to Pierre-Luc Dubois is over, Pierre-Luc Dubois is back on ice.
4:34 of 1st period - Pierre-Luc Dubois is hit by Dakota Joshua and loses puck.
4:51 of 1st period - Slapshot by Dakota Joshua.
4:51 of 1st period - Shot Misses the Net.
5:01 of 1st period - Logan O'Connor is hit by Marcus Foligno and loses puck.
5:16 of 1st period - Snap shot by Pierre-Luc Dubois.
5:16 of 1st period - Shot Misses the Net.
5:20 of 1st period - Wrist shot by Mikael Granlund.
5:20 of 1st period - Shot Misses the Net.
5:22 of 1st period - Wrist shot by Mikael Granlund.
5:22 of 1st period - Shot Misses the Net.
5:28 of 1st period - Snap shot by Mikael Granlund.
5:28 of 1st period - Shot Misses the Net.
5:30 of 1st period - Wrist shot by Marcus Foligno.
5:30 of 1st period - Stopped by Scott Wedgewood with a rebound.
5:34 of 1st period - Snap shot by Mikael Granlund.
5:34 of 1st period - Stopped by Scott Wedgewood with a rebound.
5:36 of 1st period - Snap shot by Mikael Granlund.
5:36 of 1st period - Shot Misses the Net.
5:38 of 1st period - Slapshot by Cam Fowler.
5:38 of 1st period - Stopped by Scott Wedgewood with a rebound.
5:40 of 1st period - Snap shot by Marcus Foligno.
5:40 of 1st period - Stopped by Scott Wedgewood with a rebound.
5:55 of 1st period - Minor Penalty to Adam Pelech for Cross-checking.
5:56 of 1st period - Nathan MacKinnon wins face-off versus Elias Lindholm in St.Louis Blues zone.
5:58 of 1st period - Snap shot by Nathan MacKinnon.
5:58 of 1st period - Shot Misses the Net.
6:00 of 1st period - Slapshot by Dmitry Kulikov.
6:00 of 1st period - Stopped by Scott Wedgewood with a rebound.
6:02 of 1st period - Snap shot by Conor Garland.
6:02 of 1st period - Stopped by Scott Wedgewood with a rebound.
6:04 of 1st period - Slapshot by Mathew Barzal.
6:04 of 1st period - Shot Blocked by Jake Sanderson.
6:06 of 1st period - Slapshot by Mathew Barzal.
6:06 of 1st period - Shot Hit the Post.
6:08 of 1st period - Wrist shot by Nathan MacKinnon.
6:08 of 1st period - Goal by Nathan MacKinnon - St.Louis Blues : 0 - New York Rangers : 1.
6:09 of 1st period - Teuvo Teravainen wins face-off versus Robert Thomas in neutral zone.
6:15 of 1st period - Off-side.
6:16 of 1st period - Robert Thomas wins face-off versus Teuvo Teravainen in neutral zone.
6:41 of 1st period - Matthew Benning is hit by Tage Thompson and loses puck.
6:55 of 1st period - Off-side.
6:56 of 1st period - Mikael Granlund wins face-off versus Robert Thomas in neutral zone.
7:07 of 1st period - Snap shot by Mathew Barzal.
7:07 of 1st period - Stopped by Scott Wedgewood without a rebound.
7:08 of 1st period - Teuvo Teravainen wins face-off versus Robert Thomas in St.Louis Blues zone.
7:33 of 1st period - Jake McCabe is hit by Elias Lindholm and loses puck.
7:42 of 1st period - Backhand shot by Jake Guentzel.
7:42 of 1st period - Stopped by Igor Shesterkin with a rebound.
7:44 of 1st period - Slapshot by Jaccob Slavin.
7:44 of 1st period - Shot Blocked by Cam Fowler.
8:38 of 1st period - Elias Lindholm is hit by Adam Larsson and loses puck.
8:47 of 1st period - Wrist shot by Nikolaj Ehlers.
8:47 of 1st period - Shot Blocked by Colton Parayko.
8:59 of 1st period - Matthew Benning is hit by Colton Parayko and loses puck.
9:44 of 1st period - Icing by Brendan Smith.
9:45 of 1st period - Elias Lindholm wins face-off versus Nathan MacKinnon in New York Rangers zone.
9:56 of 1st period - Wrist shot by Tage Thompson.
9:56 of 1st period - Stopped by Igor Shesterkin with a rebound.
9:58 of 1st period - Snap shot by Jaccob Slavin.
9:58 of 1st period - Deflect By Jake Guentzel.
9:58 of 1st period - Shot Misses the Net.
9:58 of 1st period - Puck is out of play.
9:59 of 1st period - Robert Thomas wins face-off versus Mikael Granlund in New York Rangers zone.
10:02 of 1st period - Snap shot by Robert Thomas.
10:02 of 1st period - Shot Misses the Net.
10:54 of 1st period - Wrist shot by Alex Tuch.
10:54 of 1st period - Stopped by Igor Shesterkin without a rebound.
10:55 of 1st period - Mikael Granlund wins face-off versus Robert Thomas in New York Rangers zone.
11:26 of 1st period - Snap shot by Artemi Panarin.
11:26 of 1st period - Shot Misses the Net.
11:42 of 1st period - Slapshot by Alex Tuch.
11:42 of 1st period - Goal by Alex Tuch - St.Louis Blues : 1 - New York Rangers : 1.
11:43 of 1st period - Mikael Granlund wins face-off versus Robert Thomas in neutral zone.
11:54 of 1st period - Wrist shot by Mathew Barzal.
11:54 of 1st period - Stopped by Scott Wedgewood with a rebound.
11:56 of 1st period - Snap shot by Mathew Barzal.
11:56 of 1st period - Stopped by Scott Wedgewood with a rebound.
11:58 of 1st period - Slapshot by Jake McCabe.
11:58 of 1st period - Deflect By Cole Caufield.
11:58 of 1st period - Shot Misses the Net.
11:58 of 1st period - Puck is out of play.
11:59 of 1st period - Tage Thompson wins face-off versus Teuvo Teravainen in St.Louis Blues zone.
13:17 of 1st period - Snap shot by Dakota Joshua.
13:17 of 1st period - Shot Misses the Net.
13:19 of 1st period - Snap shot by Alex Tuch.
13:19 of 1st period - Shot Blocked by Teuvo Teravainen.
13:41 of 1st period - Wrist shot by Alex Tuch.
13:41 of 1st period - Shot Blocked by Teuvo Teravainen.
13:43 of 1st period - Slapshot by Lars Eller.
13:43 of 1st period - Stopped by Igor Shesterkin without a rebound.
13:44 of 1st period - Robert Thomas wins face-off versus Mikael Granlund in New York Rangers zone.
13:48 of 1st period - Minor Penalty to Jake McCabe for Hooking.
13:49 of 1st period - Robert Thomas wins face-off versus David Kampf in New York Rangers zone.
13:51 of 1st period - Wrist shot by Robert Thomas.
13:51 of 1st period - Deflect By Elias Pettersson.
13:51 of 1st period - Shot Misses the Net.
13:51 of 1st period - Puck is out of play.
13:52 of 1st period - David Kampf wins face-off versus Robert Thomas in New York Rangers zone.
14:35 of 1st period - Wrist shot by Teuvo Teravainen.
14:35 of 1st period - Shot Misses the Net.
15:48 of 1st period - Penalty to Jake McCabe is over, Jake McCabe is back on ice.
16:12 of 1st period - Logan O'Connor is hit by Dmitry Kulikov and loses puck.
17:56 of 1st period - Elias Lindholm is hit by Brendan Smith and loses puck.
18:28 of 1st period - Adam Larsson is hit by Dakota Joshua and loses puck.
18:45 of 1st period - Snap shot by Mark Stone.
18:45 of 1st period - Shot Misses the Net.
19:59 of 1st period - Joe Pavelski is hit by Mikhail Sergachev and loses puck.
Goals for this period are 1 for St.Louis Blues vs 1 for New York Rangers.
Shots for this period are 6 for St.Louis Blues vs 11 for New York Rangers.
2nd period
0:01 of 2nd period - Mathew Barzal wins face-off versus Robert Thomas in neutral zone.
0:15 of 2nd period - Wrist shot by Mark Stone.
0:15 of 2nd period - Stopped by Igor Shesterkin without a rebound.
0:16 of 2nd period - Nathan MacKinnon wins face-off versus Elias Lindholm in New York Rangers zone.
0:26 of 2nd period - Off-side.
0:27 of 2nd period - Robert Thomas wins face-off versus Mikael Granlund in neutral zone.
0:30 of 2nd period - Snap shot by Mark Stone.
0:30 of 2nd period - Stopped by Igor Shesterkin without a rebound.
0:31 of 2nd period - Robert Thomas wins face-off versus Mikael Granlund in New York Rangers zone.
0:38 of 2nd period - Slapshot by Elias Pettersson.
0:38 of 2nd period - Shot Misses the Net.
0:40 of 2nd period - Slapshot by Robert Thomas.
0:40 of 2nd period - Shot Misses the Net.
0:42 of 2nd period - Wrist shot by Elias Pettersson.
0:42 of 2nd period - Shot Misses the Net.
0:44 of 2nd period - Slapshot by Nick Leddy.
0:44 of 2nd period - Stopped by Igor Shesterkin with a rebound.
0:46 of 2nd period - Slapshot by Colton Parayko.
0:46 of 2nd period - Deflect By Cam Fowler.
0:46 of 2nd period - Stopped by Igor Shesterkin with a rebound.
0:48 of 2nd period - Slapshot by Mark Stone.
0:48 of 2nd period - Shot Blocked by Jake McCabe.
1:07 of 2nd period - Snap shot by Nathan MacKinnon.
1:07 of 2nd period - Shot Misses the Net.
1:09 of 2nd period - Minor Penalty to Tage Thompson for High sticking.
1:10 of 2nd period - Lars Eller wins face-off versus Nathan MacKinnon in St.Louis Blues zone.
1:19 of 2nd period - Slapshot by Mathew Barzal.
1:19 of 2nd period - Stopped by Scott Wedgewood with a rebound.
1:21 of 2nd period - Wrist shot by Mathew Barzal.
1:21 of 2nd period - Shot Misses the Net.
1:23 of 2nd period - Backhand shot by Cam Fowler.
1:23 of 2nd period - Stopped by Scott Wedgewood with a rebound.
1:44 of 2nd period - Snap shot by Cole Caufield.
1:44 of 2nd period - Stopped by Scott Wedgewood without a rebound.
1:45 of 2nd period - Nathan MacKinnon wins face-off versus Lars Eller in St.Louis Blues zone.
1:52 of 2nd period - Wrist shot by Artemi Panarin.
1:52 of 2nd period - Stopped by Scott Wedgewood without a rebound.
1:53 of 2nd period - Lars Eller wins face-off versus Nathan MacKinnon in St.Louis Blues zone.
2:12 of 2nd period - Wrist shot by Nathan MacKinnon.
2:12 of 2nd period - Goal by Nathan MacKinnon - St.Louis Blues : 1 - New York Rangers : 2.
2:13 of 2nd period - Mikael Granlund wins face-off versus Robert Thomas in neutral zone.
2:20 of 2nd period - Wrist shot by Cole Caufield.
2:20 of 2nd period - Shot Blocked by Nick Leddy.
2:22 of 2nd period - Slapshot by Adam Larsson.
2:22 of 2nd period - Shot Misses the Net.
2:24 of 2nd period - Slapshot by Brendan Smith.
2:24 of 2nd period - Stopped by Scott Wedgewood without a rebound.
2:25 of 2nd period - Mikael Granlund wins face-off versus Mark Stone in St.Louis Blues zone.
2:30 of 2nd period - Backhand shot by Mathew Barzal.
2:30 of 2nd period - Shot Misses the Net.
3:01 of 2nd period - Off-side.
3:02 of 2nd period - Elias Lindholm wins face-off versus Nathan MacKinnon in neutral zone.
3:08 of 2nd period - Minor Penalty to Artemi Panarin for High sticking.
3:09 of 2nd period - David Kampf wins face-off versus Robert Thomas in New York Rangers zone.
3:44 of 2nd period - Wrist shot by Mark Stone.
3:44 of 2nd period - Stopped by Igor Shesterkin with a rebound.
3:46 of 2nd period - Wrist shot by Tage Thompson.
3:46 of 2nd period - Shot Misses the Net.
3:48 of 2nd period - Wrist shot by Elias Lindholm.
3:48 of 2nd period - Shot Misses the Net.
4:06 of 2nd period - Snap shot by Teuvo Teravainen.
4:06 of 2nd period - Stopped by Scott Wedgewood without a rebound.
4:07 of 2nd period - Mikael Granlund wins face-off versus Robert Thomas in St.Louis Blues zone.
4:44 of 2nd period - Brendan Smith is hit by Jake Sanderson and loses puck.
5:08 of 2nd period - Penalty to Artemi Panarin is over, Artemi Panarin is back on ice.
5:23 of 2nd period - Snap shot by Nathan MacKinnon.
5:23 of 2nd period - Stopped by Scott Wedgewood with a rebound.
5:39 of 2nd period - Lars Eller is hit by Mathew Barzal and loses puck.
6:33 of 2nd period - Cam Fowler is hit by Colin Blackwell and loses puck.
7:44 of 2nd period - Wrist shot by Artemi Panarin.
7:44 of 2nd period - Shot Misses the Net.
7:46 of 2nd period - Slapshot by Adam Larsson.
7:46 of 2nd period - Deflect By Nikolaj Ehlers.
7:46 of 2nd period - Stopped by Scott Wedgewood without a rebound.
7:47 of 2nd period - Teuvo Teravainen wins face-off versus Elias Lindholm in St.Louis Blues zone.
8:39 of 2nd period - Snap shot by Pierre-Luc Dubois.
8:39 of 2nd period - Stopped by Scott Wedgewood with a rebound.
8:47 of 2nd period - Wrist shot by Alex Tuch.
8:47 of 2nd period - Shot Blocked by Adam Larsson.
8:59 of 2nd period - Snap shot by Lars Eller.
8:59 of 2nd period - Shot Blocked by Marcus Foligno.
9:01 of 2nd period - Wrist shot by Jaccob Slavin.
9:01 of 2nd period - Stopped by Igor Shesterkin without a rebound.
9:02 of 2nd period - Robert Thomas wins face-off versus Nathan MacKinnon in New York Rangers zone.
9:18 of 2nd period - Minor Penalty to Nathan MacKinnon for Holding Stick.
9:19 of 2nd period - Robert Thomas wins face-off versus David Kampf in New York Rangers zone.
9:23 of 2nd period - Slapshot by Robert Thomas.
9:23 of 2nd period - Stopped by Igor Shesterkin with a rebound.
9:25 of 2nd period - Slapshot by Jake Sanderson.
9:25 of 2nd period - Deflect By Elias Pettersson.
9:25 of 2nd period - Shot Misses the Net.
9:25 of 2nd period - Puck is out of play.
9:26 of 2nd period - David Kampf wins face-off versus Robert Thomas in New York Rangers zone.
9:37 of 2nd period - Snap shot by Robert Thomas.
9:37 of 2nd period - Shot Blocked by Mikael Granlund.
9:39 of 2nd period - Snap shot by Elias Pettersson.
9:39 of 2nd period - Stopped by Igor Shesterkin with a rebound.
9:41 of 2nd period - Slapshot by Jake Sanderson.
9:41 of 2nd period - Stopped by Igor Shesterkin with a rebound.
9:43 of 2nd period - Backhand shot by Robert Thomas.
9:43 of 2nd period - Stopped by Igor Shesterkin with a rebound.
9:45 of 2nd period - Slapshot by Jake Sanderson.
9:45 of 2nd period - Stopped by Igor Shesterkin without a rebound.
9:46 of 2nd period - David Kampf wins face-off versus Mark Stone in New York Rangers zone.
10:11 of 2nd period - Tage Thompson is hit by Marcus Foligno and loses puck.
10:41 of 2nd period - Snap shot by Robert Thomas.
10:41 of 2nd period - Shot Blocked by Teuvo Teravainen.
10:43 of 2nd period - Slapshot by Yanni Gourde.
10:43 of 2nd period - Stopped by Igor Shesterkin without a rebound.
10:44 of 2nd period - David Kampf wins face-off versus Jake Guentzel in New York Rangers zone.
11:18 of 2nd period - Penalty to Nathan MacKinnon is over, Nathan MacKinnon is back on ice.
12:25 of 2nd period - Snap shot by Yanni Gourde.
12:25 of 2nd period - Deflect By Colin Blackwell.
12:25 of 2nd period - Stopped by Igor Shesterkin with a rebound.
12:27 of 2nd period - Slapshot by Jake Sanderson.
12:27 of 2nd period - Shot Hit the Post.
12:39 of 2nd period - Colton Parayko is hit by Conor Garland.
13:03 of 2nd period - Colton Parayko is hit by Joe Pavelski and loses puck.
13:23 of 2nd period - Off-side.
13:24 of 2nd period - Mikael Granlund wins face-off versus Elias Lindholm in neutral zone.
13:37 of 2nd period - Jake Guentzel is hit by Adam Larsson and loses puck.
13:48 of 2nd period - Adam Larsson is hit by Jake Guentzel and loses puck.
14:13 of 2nd period - Mathew Barzal is hit by Jake Guentzel and loses puck.
14:20 of 2nd period - Snap shot by Cam Fowler.
14:20 of 2nd period - Deflect By Cole Caufield.
14:20 of 2nd period - Shot Hit the Post.
14:20 of 2nd period - Puck is out of play.
14:21 of 2nd period - Robert Thomas wins face-off versus Nathan MacKinnon in St.Louis Blues zone.
16:07 of 2nd period - Snap shot by Yanni Gourde.
16:07 of 2nd period - Shot Blocked by Mikael Granlund.
16:09 of 2nd period - Slapshot by Nick Leddy.
16:09 of 2nd period - Shot Blocked by Mathew Barzal.
16:33 of 2nd period - Minor Penalty to Matthew Benning for High sticking.
16:34 of 2nd period - David Kampf wins face-off versus Robert Thomas in New York Rangers zone.
17:01 of 2nd period - Marcus Foligno is hit by Jake Sanderson and loses puck.
17:12 of 2nd period - Wrist shot by Tage Thompson.
17:12 of 2nd period - Deflect By Elias Lindholm.
17:12 of 2nd period - Stopped by Igor Shesterkin with a rebound.
18:14 of 2nd period - Wrist shot by Teuvo Teravainen.
18:14 of 2nd period - Shot Misses the Net.
18:33 of 2nd period - Penalty to Matthew Benning is over, Matthew Benning is back on ice.
19:06 of 2nd period - Adam Pelech is hit by Matthew Benning and loses puck.
19:33 of 2nd period - Colton Parayko is hit by Matthew Benning and loses puck.
19:40 of 2nd period - Colin Blackwell is hit by Nikolaj Ehlers and loses puck.
Goals for this period are 0 for St.Louis Blues vs 1 for New York Rangers.
Shots for this period are 14 for St.Louis Blues vs 10 for New York Rangers.
3rd period
0:01 of 3rd period - Nathan MacKinnon wins face-off versus Robert Thomas in neutral zone.
0:04 of 3rd period - Colton Parayko is hit by Adam Larsson.
0:12 of 3rd period - Slapshot by Elias Pettersson.
0:12 of 3rd period - Shot Blocked by Adam Larsson.
0:14 of 3rd period - Snap shot by Robert Thomas.
0:14 of 3rd period - Shot Misses the Net.
0:16 of 3rd period - Snap shot by Robert Thomas.
0:16 of 3rd period - Deflect By Mark Stone.
0:16 of 3rd period - Shot Misses the Net.
0:16 of 3rd period - Puck is out of play.
0:17 of 3rd period - Elias Lindholm wins face-off versus Mikael Granlund in New York Rangers zone.
0:57 of 3rd period - Icing by Jaccob Slavin.
0:58 of 3rd period - Robert Thomas wins face-off versus Mikael Granlund in St.Louis Blues zone.
1:19 of 3rd period - Backhand shot by Mark Stone.
1:19 of 3rd period - Shot Blocked by Cole Caufield.
1:21 of 3rd period - Slapshot by Jake Sanderson.
1:21 of 3rd period - Stopped by Igor Shesterkin with a rebound.
1:23 of 3rd period - Slapshot by Jaccob Slavin.
1:23 of 3rd period - Shot Misses the Net.
1:25 of 3rd period - Snap shot by Elias Pettersson.
1:25 of 3rd period - Shot Misses the Net.
1:27 of 3rd period - Wrist shot by Elias Pettersson.
1:27 of 3rd period - Shot Misses the Net.
1:29 of 3rd period - Snap shot by Jaccob Slavin.
1:29 of 3rd period - Shot Blocked by Brendan Smith.
1:31 of 3rd period - Snap shot by Mark Stone.
1:31 of 3rd period - Goal by Mark Stone - St.Louis Blues : 2 - New York Rangers : 2.
1:32 of 3rd period - Joe Pavelski wins face-off versus Tage Thompson in neutral zone.
2:07 of 3rd period - Off-side.
2:08 of 3rd period - Robert Thomas wins face-off versus Mikael Granlund in neutral zone.
2:17 of 3rd period - Wrist shot by Elias Pettersson.
2:17 of 3rd period - Shot Blocked by Brendan Smith.
2:19 of 3rd period - Wrist shot by Elias Pettersson.
2:19 of 3rd period - Deflect By Cole Caufield.
2:19 of 3rd period - Stopped by Igor Shesterkin without a rebound.
2:20 of 3rd period - Mikael Granlund wins face-off versus Robert Thomas in New York Rangers zone.
2:24 of 3rd period - Off-side.
2:25 of 3rd period - Robert Thomas wins face-off versus Mikael Granlund in neutral zone.
2:42 of 3rd period - Slapshot by Elias Pettersson.
2:42 of 3rd period - Stopped by Igor Shesterkin with a rebound.
3:16 of 3rd period - Snap shot by Colton Parayko.
3:16 of 3rd period - Shot Blocked by Conor Garland.
3:18 of 3rd period - Snap shot by Alex Tuch.
3:18 of 3rd period - Stopped by Igor Shesterkin with a rebound.
3:40 of 3rd period - Wrist shot by Mark Stone.
3:40 of 3rd period - Stopped by Igor Shesterkin with a rebound.
3:42 of 3rd period - Slapshot by Elias Pettersson.
3:42 of 3rd period - Stopped by Igor Shesterkin without a rebound.
3:43 of 3rd period - Robert Thomas wins face-off versus David Kampf in New York Rangers zone.
4:04 of 3rd period - Off-side.
4:05 of 3rd period - Nathan MacKinnon wins face-off versus Elias Lindholm in neutral zone.
4:22 of 3rd period - Wrist shot by Nathan MacKinnon.
4:22 of 3rd period - Goal by Nathan MacKinnon - St.Louis Blues : 2 - New York Rangers : 3.
4:23 of 3rd period - Robert Thomas wins face-off versus Nathan MacKinnon in neutral zone.
4:26 of 3rd period - Artemi Panarin is hit by Robert Thomas and loses puck.
4:35 of 3rd period - Slapshot by Nathan MacKinnon.
4:35 of 3rd period - Stopped by Scott Wedgewood without a rebound.
4:36 of 3rd period - Robert Thomas wins face-off versus Nathan MacKinnon in St.Louis Blues zone.
4:41 of 3rd period - Artemi Panarin is hit by Mark Stone and loses puck.
4:46 of 3rd period - Snap shot by Elias Pettersson.
4:46 of 3rd period - Shot Blocked by Brendan Smith.
4:48 of 3rd period - Wrist shot by Elias Pettersson.
4:48 of 3rd period - Stopped by Igor Shesterkin without a rebound.
4:49 of 3rd period - Robert Thomas wins face-off versus Nathan MacKinnon in New York Rangers zone.
4:54 of 3rd period - Snap shot by Robert Thomas.
4:54 of 3rd period - Goal by Robert Thomas - St.Louis Blues : 3 - New York Rangers : 3.
4:55 of 3rd period - Robert Thomas wins face-off versus Mikael Granlund in neutral zone.
6:14 of 3rd period - Wrist shot by Robert Thomas.
6:14 of 3rd period - Shot Blocked by Brendan Smith.
6:50 of 3rd period - Snap shot by Elias Lindholm.
6:50 of 3rd period - Stopped by Igor Shesterkin with a rebound.
6:54 of 3rd period - Snap shot by Lars Eller.
6:54 of 3rd period - Stopped by Igor Shesterkin with a rebound.
7:00 of 3rd period - Snap shot by Alex Tuch.
7:00 of 3rd period - Stopped by Igor Shesterkin without a rebound.
7:01 of 3rd period - Elias Lindholm wins face-off versus Nathan MacKinnon in New York Rangers zone.
7:38 of 3rd period - Wrist shot by Logan O'Connor.
7:38 of 3rd period - Shot Blocked by Adam Larsson.
7:54 of 3rd period - Slapshot by Lars Eller.
7:54 of 3rd period - Shot Misses the Net.
7:56 of 3rd period - Wrist shot by Alex Tuch.
7:56 of 3rd period - Stopped by Igor Shesterkin with a rebound.
7:58 of 3rd period - Slapshot by Mikhail Sergachev.
7:58 of 3rd period - Shot Blocked by Teuvo Teravainen.
8:00 of 3rd period - Snap shot by Dakota Joshua.
8:00 of 3rd period - Shot Misses the Net.
8:02 of 3rd period - Wrist shot by Dakota Joshua.
8:02 of 3rd period - Shot Misses the Net.
8:12 of 3rd period - Adam Pelech is hit by Brendan Smith and loses puck.
8:49 of 3rd period - Icing by Dakota Joshua.
8:50 of 3rd period - Elias Lindholm wins face-off versus Mathew Barzal in St.Louis Blues zone.
8:57 of 3rd period - Nick Leddy is hit by Cole Caufield and loses puck.
9:04 of 3rd period - Snap shot by Cole Caufield.
9:04 of 3rd period - Shot Misses the Net.
9:06 of 3rd period - Snap shot by Mathew Barzal.
9:06 of 3rd period - Shot Misses the Net.
10:19 of 3rd period - Matthew Benning is hit by Jaccob Slavin and loses puck.
10:38 of 3rd period - Elias Pettersson is hit by Marcus Foligno and loses puck.
10:45 of 3rd period - Slapshot by Cam Fowler.
10:45 of 3rd period - Stopped by Scott Wedgewood without a rebound.
10:46 of 3rd period - Elias Lindholm wins face-off versus Nathan MacKinnon in St.Louis Blues zone.
10:58 of 3rd period - Off-side.
10:59 of 3rd period - Mikael Granlund wins face-off versus Robert Thomas in neutral zone.
11:02 of 3rd period - Mikhail Sergachev is hit by Mathew Barzal and loses puck.
11:25 of 3rd period - Mathew Barzal is hit by Lars Eller and loses puck.
11:54 of 3rd period - Wrist shot by Lars Eller.
11:54 of 3rd period - Shot Blocked by Adam Larsson.
12:00 of 3rd period - Mikhail Sergachev is hit by Mikael Granlund and loses puck.
12:11 of 3rd period - Snap shot by Mikael Granlund.
12:11 of 3rd period - Shot Misses the Net.
12:13 of 3rd period - Wrist shot by Cole Caufield.
12:13 of 3rd period - Stopped by Scott Wedgewood with a rebound.
12:15 of 3rd period - Slapshot by Adam Larsson.
12:15 of 3rd period - Shot Blocked by Adam Pelech.
12:17 of 3rd period - Slapshot by Cole Caufield.
12:17 of 3rd period - Stopped by Scott Wedgewood with a rebound.
12:19 of 3rd period - Slapshot by Adam Larsson.
12:19 of 3rd period - Stopped by Scott Wedgewood with a rebound.
12:21 of 3rd period - Slapshot by Adam Larsson.
12:21 of 3rd period - Deflect By Mikael Granlund.
12:21 of 3rd period - Shot Blocked by Adam Pelech.
12:21 of 3rd period - Puck is out of play.
12:22 of 3rd period - Nathan MacKinnon wins face-off versus Robert Thomas in St.Louis Blues zone.
12:45 of 3rd period - Minor Penalty to Nick Leddy for Goalie Interference.
12:46 of 3rd period - Nathan MacKinnon wins face-off versus Elias Lindholm in St.Louis Blues zone.
12:49 of 3rd period - Wrist shot by Nathan MacKinnon.
12:49 of 3rd period - Stopped by Scott Wedgewood with a rebound.
13:52 of 3rd period - Jaccob Slavin is hit by Teuvo Teravainen.
14:32 of 3rd period - Joe Pavelski is hit by Yanni Gourde and loses puck.
14:45 of 3rd period - Penalty to Nick Leddy is over, Nick Leddy is back on ice.
18:04 of 3rd period - Mark Stone is hit by David Kampf and loses puck.
18:23 of 3rd period - Dmitry Kulikov is hit by Alex Tuch and loses puck.
19:42 of 3rd period - Lars Eller is hit by Dmitry Kulikov and loses puck.
19:53 of 3rd period - Jaccob Slavin is hit by Teuvo Teravainen.
Goals for this period are 2 for St.Louis Blues vs 1 for New York Rangers.
Shots for this period are 13 for St.Louis Blues vs 7 for New York Rangers.
Overtime #1
0:01 of 1st overtime period - Nathan MacKinnon wins face-off versus Elias Lindholm in neutral zone.
0:06 of 1st overtime period - Wrist shot by Nathan MacKinnon.
0:06 of 1st overtime period - Stopped by Scott Wedgewood with a rebound.
0:08 of 1st overtime period - Slapshot by Jake McCabe.
0:08 of 1st overtime period - Stopped by Scott Wedgewood with a rebound.
0:10 of 1st overtime period - Slapshot by Nathan MacKinnon.
0:10 of 1st overtime period - Stopped by Scott Wedgewood with a rebound.
0:12 of 1st overtime period - Snap shot by Nathan MacKinnon.
0:12 of 1st overtime period - Stopped by Scott Wedgewood with a rebound.
0:14 of 1st overtime period - Slapshot by Cam Fowler.
0:14 of 1st overtime period - Shot Misses the Net.
0:16 of 1st overtime period - Wrist shot by Jake McCabe.
0:16 of 1st overtime period - Stopped by Scott Wedgewood with a rebound.
0:30 of 1st overtime period - Wrist shot by Joe Pavelski.
0:30 of 1st overtime period - Shot Misses the Net.
0:38 of 1st overtime period - Snap shot by Elias Lindholm.
0:38 of 1st overtime period - Shot Misses the Net.
2:36 of 1st overtime period - Alex Tuch is hit by Cole Caufield and loses puck.
3:17 of 1st overtime period - Pierre-Luc Dubois is hit by Adam Pelech and loses puck.
4:22 of 1st overtime period - Elias Lindholm is hit by Joe Pavelski and loses puck.
Goals for this period are 0 for St.Louis Blues vs 0 for New York Rangers.
Shots for this period are 0 for St.Louis Blues vs 5 for New York Rangers.
ShootOut
5:00 of 1st overtime period - Round #1.
5:00 of 1st overtime period - St.Louis Blues, Elias Pettersson.
5:00 of 1st overtime period - Wrist shot by Elias Pettersson.
5:00 of 1st overtime period - Stopped by Igor Shesterkin.
5:00 of 1st overtime period - New York Rangers, Artemi Panarin.
5:00 of 1st overtime period - Wrist shot by Artemi Panarin.
5:00 of 1st overtime period - Stopped by Scott Wedgewood.
5:00 of 1st overtime period - Round #2.
5:00 of 1st overtime period - St.Louis Blues, Tage Thompson.
5:00 of 1st overtime period - Wrist shot by Tage Thompson.
5:00 of 1st overtime period - Stopped by Igor Shesterkin.
5:00 of 1st overtime period - New York Rangers, Cole Caufield.
5:00 of 1st overtime period - Deke by Cole Caufield.
5:00 of 1st overtime period - Goal by Cole Caufield.
5:00 of 1st overtime period - Round #3.
5:00 of 1st overtime period - St.Louis Blues, Alex Tuch.
5:00 of 1st overtime period - Backhand shot by Alex Tuch.
5:00 of 1st overtime period - Stopped by Igor Shesterkin.
Back to the Top